 Dungeon Crawl Stone Soup version 0.30.1-3-gfc49f6343a (webtiles) character file.

Game seed: 14063055857264138043

272 cdecastro the Changer (level 6, -3/47 HPs)
             Began as a Draconian Transmuter on Aug 9, 2023.
             Killed by nerve-wracking pain
             ... invoked by Grinder
              (13 damage)
             ... on level 3 of the Dungeon.
             The game lasted 00:04:07 (2328 turns).

cdecastro the Changer (Draconian Transmuter)        Turns: 2328, Time: 00:04:07

Health: -3/47      AC:  8    Str: 12    XL:     6   Next: 2%
Magic:  9/9        EV: 12    Int: 16    God:
Gold:   135        SH:  0    Dex: 11    Spells: 3/9 levels left

rFire   . . .        m - +2 dagger (venom)
rCold   . . .        (no shield)
rNeg    . . .        (body armour unavailable)
rPois   .            (helmet currently unavailable)
rElec   .            k - +0 cloak
rCorr   +            c - +0 pair of gloves
SInv    .            (boots currently unavailable)
Will    .....        g - amulet of magic regeneration
Stlth   +            l - ring of resist corrosion
HPRegen 0.27/turn    (no ring)
MPRegen 0.51/turn

%: no passive effects
@: appendages (expiring)
A: horns 2, talons 2, AC +6, unfitting armour, cold-blooded
a: End Transformation


You were on level 3 of the Dungeon.
You had temporarily grown beastly horns and talons.
You visited 1 branch of the dungeon, and saw 3 of its levels.

You collected 135 gold pieces.

Inventory:

Hand Weapons
 m - a +2 dagger of venom (weapon)
Missiles
 j - 4 javelins
 F - 3 poisoned darts
Armour
 c - a +0 pair of gloves (worn)
 k - a +0 cloak (worn)
Magical Staves
 d - a staff of air
 n - a staff of death
Jewellery
 g - an amulet of magic regeneration (around neck)
 l - a ring of resist corrosion (left hand)
 o - an amulet of regeneration
Scrolls
 b - a scroll of fog {unknown}
 e - 5 scrolls of identify {unknown}
 f - a scroll of teleportation {unknown}
Potions
 a - a potion of lignification
 h - a potion of flight {unknown}
 i - a potion of degeneration {unknown}


   Skills:
 - Level 1.1 Fighting
 - Level 1.7 Dodging
 - Level 3.0 Unarmed Combat
 - Level 2.0 Spellcasting
 + Level 6.4 Transmutations


You had 3 spell levels left.
You knew the following spells:

 Your Spells              Type           Power      Damage    Failure   Level
a - Beastly Appendage     Tmut           44%        N/A       1%          1
b - Wereblood             Tmut           22%        N/A       2%          2
c - Spider Form           Tmut/Pois      11%        N/A       17%         3

Your spell library contained the following spells:

 Spells                   Type           Power      Damage    Failure   Level
 Summon Small Mammal      Summ           4%         N/A       21%         1
 Scorch                   Fire           2%         2d5       30%         2
 Call Canine Familiar     Summ           1%         N/A       52%         3
 Summon Guardian Golem    Hex/Summ       1%         N/A       52%         3
 Ice Form                 Ice/Tmut       11%        N/A       50%         4
 Anguish                  Hex/Necr       0%         N/A       90%         4
 Cause Fear               Hex            0%         N/A       90%         4
 Flame Wave               Conj/Fire      1%         2d4       90%         4
 Summon Cactus Giant      Summ           0%         N/A       100%        6
 Enfeeble                 Hex            0%         N/A       100%        7


Dungeon Overview and Level Annotations

Branches:
Dungeon (3/15)

Altars:
Dithmenos

Annotations:
D:3 Grinder


Innate Abilities, Weirdness & Mutations

You have temporarily grown beastly horns and talons.
Your plain brown scales are hard. (AC +6)
You cannot fit into any form of body armour.
You are cold-blooded and may be slowed by cold attacks.


Message History

Grinder gestures at you. Pain shoots through your body!
Unknown command.
Unknown command.
You hit Grinder but do no damage. Your kick misses Grinder.
Your headbutt misses Grinder. Grinder hits you!
You writhe in agony.
You hit Grinder. Your kick misses Grinder.
Grinder is lightly wounded.
Your transformation is almost over.
Grinder barely misses you.
You closely miss Grinder. You headbutt Grinder.
Grinder is lightly wounded.
Grinder barely misses you.
You hit Grinder. You claw Grinder.
Grinder is moderately wounded.
Grinder closely misses you.
You hit Grinder.
Grinder is poisoned.
Your kick misses Grinder.
Grinder is moderately wounded.
Grinder closely misses you.
You closely miss Grinder. You claw Grinder, but do no damage.
Your headbutt misses Grinder.
Grinder is moderately wounded.
Grinder hits you.
You writhe in agony.
You hit Grinder. You claw Grinder. You tail-slap Grinder.
Grinder is heavily wounded.
Grinder hits you.
* * * LOW HITPOINT WARNING * * *
You writhe in agony.
* * * LOW HITPOINT WARNING * * *
You hit Grinder. Your kick misses Grinder.
Your tail-slap misses Grinder.
Grinder is severely wounded.
Grinder hits you.
* * * LOW HITPOINT WARNING * * *
You writhe in agony.
* * * LOW HITPOINT WARNING * * *
You hit Grinder.
Grinder is severely wounded.
Grinder gestures at you. Pain shoots through your body!
You die...

#......# ####+###### ###......# #
#.........# ..'......#
#.#.........# ###......#
#.#.........# .........#
#.#.........## #####.####
##.$..........# ......#.^
..............#.# ......#.#
###5.........#.# ### ....#.#.#
#.'@.........#.# #.. ....#.#.#
#.#....†.....#.# #.# .####'#'###
#.######+###.#.# #.# §.#.......#
#.# #.# #.# .§####....####.# #.#
#.# §§§###.........############.#
#.#
§.§§##.....)...........>....###.#
.§.§§#...........................
.§§§§§..#.#############.#######.#


You could see Grinder (poisoned).

Vanquished Creatures
  Sigmund (D:3)
  Natasha (D:2)
  5 adders
  A worm (D:2)
  2 dart slugs
  4 bats
  An endoplasm (D:3)
  2 giant cockroaches
  4 goblins
  4 hobgoblins
  2 quokkas
  7 ball pythons
  8 kobolds
  5 rats
47 creatures vanquished.

Notes
Turn   | Place    | Note
-------+----------+-------------------------------------------
     0 | D:1      | cdecastro the Draconian Transmuter began the quest for the
                  | Orb.
     0 | D:1      | Reached XP level 1. HP: 16/16 MP: 3/3
     6 | D:1      | Noticed a lindwurm
     6 | D:1      | Noticed a rime drake
     7 | D:1      | Noticed an iguana
     7 | D:1      | Noticed a polar bear
   221 | D:1      | You fall into a shaft and drop 1 floor!
   244 | D:2      | Reached skill level 3 in Transmutations
   244 | D:2      | Reached XP level 2. HP: 23/23 MP: 1/5
   258 | D:2      | Learned a level 2 spell: Wereblood
   362 | D:1      | Found a faded altar of an unknown god.
   687 | D:1      | Reached XP level 3. HP: 26/28 MP: 6/6
   885 | D:2      | Learned a level 3 spell: Spider Form
  1197 | D:2      | Reached skill level 4 in Transmutations
  1289 | D:2      | Noticed Natasha
  1301 | D:2      | Killed Natasha
  1302 | D:2      | Reached XP level 4. HP: 21/35 MP: 7/7
  1938 | D:3      | Found a shadowy altar of Dithmenos.
  2160 | D:3      | Noticed Sigmund
  2168 | D:3      | Killed Sigmund
  2169 | D:3      | Reached skill level 6 in Transmutations
  2169 | D:3      | Reached XP level 5. HP: 40/40 MP: 8/8
  2230 | D:3      | Reached XP level 6. HP: 47/47 MP: 9/9
  2315 | D:3      | Noticed Grinder
  2328 | D:3      | Killed from afar by Grinder

Illustrated notes

Levels and vault maps discovered:
D:1:      onia_arrival_zoo_common, layout_rooms, ebering_ecumenical_altar_box,
          nicolae_figureground_pulse
D:2:      layout_basic, chequers_serial_rivers_micro_a, st_stairs_14,
          minmay_tetromino_l4, uniq_natasha
D:3:      layout_basic, nicolae_dithmenos_the_darkroom, goddamned_bats,
          uniq_sigmund, uniq_grinder

Skill      XL: |  1  2  3  4 |
---------------+-------------+-----
Transmutations | 3 4 6 |  6.4
Fighting       | |  1.1
Dodging        | |  1.7
Unarmed Combat | |  3.0
Spellcasting   | |  2.0

Action                     |  1- 3 |  4- 6 || total
---------------------------+-------+-------++-------
  Melee: Unarmed           |    98 |    19 ||   117
         Kick              |    11 |    14 ||    25
         Tailslap          |    11 |     3 ||    14
         Headbutt          |     9 |    10 ||    19
         Punch             |     2 |       ||     2
         Dagger            |       |    30 ||    30
   Cast: Beastly Appendage |    18 |    14 ||    32
 Armour: Skin              |    32 |    12 ||    44
  Dodge: Dodged            |    64 |    19 ||    83
